 Dungeon Crawl Stone Soup version bcrawl-1.37.2 (webtiles) character file.

Game seed: 13875388672413467663

86554 MisterOstroum the Vexing (level 1, -3/12 HPs)
             Began as a Skeleton Arcane Marksman on Feb 7, 2023.
             Slain by a leopard gecko (4 damage)
             ... on level 1 of the Dungeon.
             The game lasted 00:00:37 (163 turns).

MisterOstroum the Vexing (Skeleton Arcane Marksman)  Turns: 163, Time: 00:00:37

Health: -3/12      AC:  2    Str: 15 (16) XL:     1   Next: 75%
Magic:  0/4        EV: 12    Int: 11      God:
Gold:   0          SH:  0    Dex:  8 (9)  Spells: 5/6 levels left

rFire    . . .     GDR:     19% b - +0 dagger
rCold    + . .     SeeInvis .   (no shield)
rNeg     + + +     Gourm    .   c - +0 robe
rPois    ∞         Faith    .   (no helmet)
rElec    .         Spirit   +   (no cloak)
rCorr    .         Reflect  .   (no gloves)
MR       .....                  (no boots)
Stlth    +.........             (no amulet)
HPRegen  0.12/turn              (no ring)
MPRegen  0.09/turn              (no ring)

@: no status effects
A: no food or potions, cold resistance 1, deterioration 1, negative energy
resistance 3, torment resistance, unbreathing, magic shield, sturdy frame 1,
spell healing
a: no special abilities


You were on level 1 of the Dungeon.
You were not hungry.

You visited 1 branch of the dungeon, and saw 1 of its levels.

Inventory:

Hand Weapons
 a - a +1 shortbow
 b - a +0 dagger (weapon)
Missiles
 d - 94 stones (quivered)
 e - 232 arrows
Armour
 c - a +0 robe (worn)


   Skills:
 - Level 2.0 Fighting
 + Level 3.2 Bows
 - Level 2.0 Dodging
 - Level 3.0 Spellcasting
 - Level 3.2 Hexes


You had 5 spell levels left.
You knew the following spells:

 Your Spells              Type           Power        Failure   Level  Hunger
a - Corona                Hex            #......      7%          1    N/A

Your spell library contained the following spells:

 Spells                   Type           Power        Failure   Level  Hunger
 Shackle                  Hex            #.......     11%         2    N/A
 False Image              Hex/Summ       #.......     38%         3    N/A
 Inner Flame              Hex/Fire       N/A          38%         3    N/A
 Cause Fear               Hex            #.........   56%         4    N/A
 Yara's Violent Unravell  Hex/Tmut       #.........   80%         4    N/A

Dungeon Overview and Level Annotations

Branches:
Dungeon (1/12)

Altars:


Innate Abilities, Weirdness & Mutations

You do not eat or drink.
You are immune to poison.
Your flesh is cold resistant. (rC+)
Your body sometimes deteriorates upon taking damage.
You are immune to negative energy. (rN+++)
You are immune to unholy pain and torment.
You can survive without breathing.
When hurt, damage is shared between your health and your magic reserves.
Your movements are slightly less encumbered by armour. (ER -2)
Casting spells heals you.


Message History

Confirm with . or Enter, or press ? or * to list all spells.
Aiming: Corona (safe; 7% risk of failure)
Press: ? - help, Shift-Dir - straight line, f - hobgoblin
Aim: a hobgoblin, wielding a +0 club (chance to defeat MR: 63%)
You miscast Corona.
You are very lightly contaminated with residual magic.
Nothing appears to happen.
The hobgoblin hits you but does no damage.
Casting: Corona (safe; 7% risk of failure)
Confirm with . or Enter, or press ? or * to list all spells.
Aiming: Corona (safe; 7% risk of failure)
Press: ? - help, Shift-Dir - straight line, f/p - hobgoblin
Aim: a hobgoblin, wielding a +0 club (chance to defeat MR: 63%)
The hobgoblin is outlined in light.
The hobgoblin hits you with a +0 club.
b - a +0 dagger (weapon)
You hit the hobgoblin.
The hobgoblin is heavily wounded.
The hobgoblin misses you.
You hit the hobgoblin but do no damage.
The hobgoblin is heavily wounded.
The hobgoblin barely misses you.
You hit the hobgoblin but do no damage.
The hobgoblin is heavily wounded.
The hobgoblin misses you.
You hit the hobgoblin but do no damage.
The hobgoblin is heavily wounded.
The hobgoblin hits you with a +0 club.
You hit the hobgoblin.
The hobgoblin is almost dead.
The hobgoblin stops glowing.
The hobgoblin hits you with a +0 club.
You barely miss the hobgoblin.
The hobgoblin is almost dead.
The hobgoblin hits you with a +0 club.
You closely miss the hobgoblin.
The hobgoblin is almost dead.
a - a +1 shortbow (weapon)
The hobgoblin closely misses you.
Firing (i - inventory)
e - 236 arrows (quivered)
Press: ? - help, Shift-Dir - straight line, f/p - hobgoblin
Aim: a hobgoblin, wielding a +0 club (almost dead)
You shoot an arrow. The arrow barely misses the hobgoblin.
You hear a shout!
A hobgoblin comes into view.
The hobgoblin hits you with a +0 club.
Your body deteriorates!
You feel clumsy.
Unknown command.
Casting: Corona (safe; 7% risk of failure)
Confirm with . or Enter, or press ? or * to list all spells.
You don't know that spell.
Unknown command.
Firing (i - inventory)
e - 235 arrows (quivered)
Press: ? - help, Shift-Dir - straight line, f/p - hobgoblin
Aim: a hobgoblin, wielding a +0 club (almost dead)
You shoot an arrow.
The arrow hits the hobgoblin but does no damage.
The hobgoblin is almost dead.
The hobgoblin barely misses you.
Your magical contamination has completely faded away.
Firing (i - inventory)
e - 234 arrows (quivered)
Press: ? - help, Shift-Dir - straight line, f/p - hobgoblin
Aim: a hobgoblin, wielding a +0 club (almost dead)
You shoot an arrow. The arrow hits the hobgoblin.
You kill the hobgoblin!
Your Bows skill increases to level 3!
Firing (i - inventory)
e - 233 arrows (quivered)
Press: ? - help, Shift-Dir - straight line, f - hobgoblin
Aim: a hobgoblin You shoot an arrow.
The arrow hits the hobgoblin!
You kill the hobgoblin!
You see here a hobgoblin corpse.
You see here a +0 club.
A leopard gecko comes into view.
A leopard gecko is nearby!
A leopard gecko is nearby!
A leopard gecko is nearby!
b - a +0 dagger (weapon)
The leopard gecko hisses angrily.
You see here 94 stones.
d - 94 stones The leopard gecko closely misses you.
Casting: Corona (safe; 7% risk of failure)
Confirm with . or Enter, or press ? or * to list all spells.
Aiming: Corona (safe; 7% risk of failure)
Press: ? - help, Shift-Dir - straight line, f - leopard gecko
Aim: a leopard gecko (clinging, chance to defeat MR: 63%)
The leopard gecko struggles to resist.
The leopard gecko bites you.
You hit the leopard gecko.
The leopard gecko is severely wounded.
The leopard gecko bites you.
You are too injured to fight recklessly!
You closely miss the leopard gecko.
The leopard gecko is severely wounded.
The leopard gecko bites you.
You miss the leopard gecko.
The leopard gecko is severely wounded.
The leopard gecko bites you.
* * * LOW HITPOINT WARNING * * *
Your body deteriorates!
You feel weakened. The leopard gecko bites you.
You die...

#.#.# #.#†# #####
#.#.# ####...##
#.#.# ....... ..#.#
# ..#..# #.#
#..###.#..# #.#
#......#.## #.#
#...#?.l@.########.#
... #.###......)...#
# #.....##########
....##### #.## . #


You could see a leopard gecko.

Vanquished Creatures
  A leopard gecko (D:1)
  2 hobgoblins (D:1)
  2 rats (D:1)
5 creatures vanquished.

Notes
Turn   | Place    | Note
-------+----------+-------------------------------------------
     0 | D:1      | MisterOstroum the Skeleton Arcane Marksman began the quest
                  | for the Orb.
     0 | D:1      | Reached XP level 1. HP: 12/12 MP: 4/4
   163 | D:1      | Slain by a leopard gecko

Skill      XL: |  1 |
---------------+----+-----
Bows           | 3 |  3.2
Fighting       | |  2.0
Dodging        | |  2.0
Spellcasting   | |  3.0
Hexes          | |  3.2

Action                   || total
-------------------------++-------
Melee: Dagger            ||    18
 Fire: Shortbow          ||     8
 Cast: Corona            ||     2
Armor: Robe              ||     4
Dodge: Dodged            ||     6
